 Dungeon Crawl Stone Soup version 0.28.0-53-g5a82cb258f (webtiles) character file.

Game seed: 125762442898207277

104 Zeld the Chopper (level 4, -3/41 HPs)
             Began as a Minotaur Berserker on May 23, 2022.
             Was a Believer of Trog.
             Slain by Grinder (5 damage)
             ... on level 3 of the Dungeon.
             The game lasted 00:01:16 (2615 turns).

Zeld the Chopper (Minotaur Berserker)               Turns: 2615, Time: 00:01:17

Health: -3/41      AC:  2    Str: 23    XL:     4   Next: 52%
Magic:  3/3        EV: 12    Int:  4    God:    Trog [**....]
Gold:   96         SH:  0    Dex: 10    Spells: 3/3 levels left

rFire   . . .      SeeInvis .   a - +0 hand axe
rCold   . . .      Faith    .   (no shield)
rNeg    . . .      Spirit   .   b - +0 animal skin
rPois   .          Reflect  .   (helmet restricted)
rElec   .          Harm     .   (no cloak)
rCorr   .          Rampage  .   (no gloves)
Will    .....                   (no boots)
Stlth   +.........              (no amulet)
HPRegen 0.13/turn               (no ring)
MPRegen 0.08/turn               (no ring)

@: no status effects
A: horns 2, retaliatory headbutt
a: Renounce Religion, Berserk, Trog's Hand


You were on level 3 of the Dungeon.
You worshipped Trog.
Trog was pleased with you.
You visited 1 branch of the dungeon, and saw 3 of its levels.

You collected 96 gold pieces.

Inventory:

Hand Weapons
 a - a +0 hand axe (weapon)
Armour
 b - a +0 animal skin (worn)
Scrolls
 e - a scroll of identify {unknown}
 f - a scroll of amnesia {unknown}
 g - a scroll of enchant weapon {unknown}
 h - a scroll of enchant armour {unknown}
 i - a scroll of fear {unknown}
 j - a scroll of immolation {unknown}
 k - 2 scrolls of teleportation {unknown}
 l - a scroll of blinking {unknown}
Potions
 c - a potion of haste {unknown}
 d - a potion of resistance {unknown}


   Skills:
 * Level 4.7 Fighting
 * Level 4.8 Axes
 + Level 3.1 Armour
 + Level 2.9 Dodging


You had 3 spell levels left.
You didn't know any spells.
Your spell library was empty.

Dungeon Overview and Level Annotations

Branches:
Dungeon (3/15)

Altars:

Annotations:
D:3 Grinder


Innate Abilities, Weirdness & Mutations

You have a pair of horns on your head.
You reflexively headbutt those who attack you in melee.


Message History

Grinder hits you.
Unknown command.
You hit Grinder. Your headbutt misses Grinder.
Grinder is severely wounded.
Grinder barely misses you.
Unknown command.
You barely miss Grinder.
Grinder is severely wounded.
Grinder misses you.
Unknown command.
You closely miss Grinder.
Grinder is severely wounded.
Grinder closely misses you.
Grinder blinks!
Unknown command.
Grinder says, "There's only one good use for a tongue: cutting it out."
Grinder hits you.
* * * LOW HITPOINT WARNING * * *
You writhe in agony.
* * * LOW HITPOINT WARNING * * *
You hit Grinder. Your headbutt misses Grinder.
Grinder is severely wounded.
Grinder completely misses you.
Unknown command.
You hit Grinder. Your headbutt misses Grinder.
Grinder is almost dead.
Grinder hits you.
* * * LOW HITPOINT WARNING * * *
You writhe in agony.
* * * LOW HITPOINT WARNING * * *
Unknown command.
You barely miss Grinder. Your headbutt misses Grinder.
Grinder is almost dead.
Grinder barely misses you.
Unknown command.
You hit Grinder.
Grinder is almost dead.
Grinder hits you.
* * * LOW HITPOINT WARNING * * *
You writhe in agony.
You die...

............
####........
##..#......
##..##...... #..##
..... ..## #.... # .##
#### .#
##################..#.#
................@5....#
##################.####
#


You could see Grinder.

Vanquished Creatures
  4 adders
  2 worms
  2 dart slugs (D:1)
  5 bats
  3 endoplasms
  3 giant cockroaches
  3 goblins
  7 hobgoblins
  6 jackals
  4 kobolds
  3 quokkas
  8 ball pythons
  A frilled lizard (D:1)
51 creatures vanquished.

Vanquished Creatures (others)
  36 plants
36 creatures vanquished.

Grand Total: 87 creatures vanquished

Notes
Turn   | Place    | Note
-------+----------+-------------------------------------------
     0 | D:1      | Zeld the Minotaur Berserker began the quest for the Orb.
     0 | D:1      | Reached XP level 1. HP: 19/19 MP: 0/0
   152 | D:1      | Reached XP level 2. HP: 21/27 MP: 1/1
   554 | D:1      | Reached ** piety under Trog
   555 | D:1      | Reached XP level 3. HP: 31/33 MP: 2/2
  1465 | D:2      | Reached XP level 4. HP: 29/41 MP: 3/3
  1988 | D:3      | Found a faded altar of an unknown god.
  2592 | D:3      | Noticed Grinder
  2596 | D:3      | Paralysed by Grinder for 6 turns
  2615 | D:3      | HP: 2/41 [Grinder (2)]
  2615 | D:3      | Slain by Grinder

Illustrated notes

Levels and vault maps discovered:
D:1:      lightli_molten_gateway, layout_basic, nrook_mini_vaults,
          minmay_tromino_mix6
D:2:      layout_basic, serial_bayou, serial_bayou_pond_b, serial_bayou_pond_a,
          serial_bayou_lagoon_a, serial_bayou_pond_e
D:3:      layout_rooms, hellmonk_ecumenical_altar_dog_temple,
          minmay_misc_feat_rows, serial_bayou_pond_b, uniq_grinder

Skill      XL: |  1  2  3 |
---------------+----------+-----
Fighting       | 4 |  4.7
Axes           | 4 |  4.8
Armour         | 3 |  3.1
Dodging        | |  2.9

Action                   |  1- 3 |  4- 6 || total
-------------------------+-------+-------++-------
Melee: Hand axe          |    75 |    49 ||   124
       Headbutt          |     9 |     6 ||    15
       Punch             |     1 |     1 ||     2
 Stab: Sleeping          |     1 |       ||     1
Armor: Animal skin       |    13 |     3 ||    16
Dodge: Dodged            |    63 |    33 ||    96
